← All builds
Suicide front / Armada / Factory first / OBSERVED BUILD

Standard suicide front

Armada Suicide front build order · Supreme Isthmus

The role's baseline: Bot Lab at 0:21 then straight into reclaim-fed T1 bot production to contest the middle and hold until T2 arrives, with an Advanced Metal Extractor around 9:45.

#rush · 2010 distinct matches · 229 players · 72% of Armada Suicide front games · team won 59% of 2383 · Recently observed

HOW TO PLAY IT

Key timing: Bot Lab by 0:20

  1. Open with mex and lab-first to get Bot Lab up by 0:20.
  2. Expand mex and wind while lab pumps units toward middle.
  3. Push Sentry and early Rocketeer, Centurion to contest middle.
  4. Get T2 constructor out once Pond's boost lets you spare metal.
  5. Upgrade mex to Advanced Metal Extractor as you transition off T1 spam.

Phase by phase

TYPICAL OF ITS 2010 GAMES
  1. 1
  2. 2
  3. 3
PLAY THE OPENING

Follow the example game's first 6:00 step by step: what to build now, what comes next, and where it goes. At 1× it keeps pace with your own game.

  1. 1

    Bot Lab first

    Order
    1. Bot LabBot Lab done ~0:21, middle half 0:20–0:33

    Some games also: mex (44%)

  2. 2

    Bot Lab to 5:00

    Economy
    • Metal Extractor5Mex
    • Wind Turbine4Wind
    Builders
    • Construction Bot3 Con bot
    • Lazarus2 Lazarus
    Army
    • Sentry4 Sentry
    • Rocketeer16 Rocketeer
    • Tick2 Tick
    • Centurion1 Centurion
    Other
    • Radar Tower1 Radar Tower

    Some games also: pawn (38%) · con turret (34%)

    By 5:00 in all: 5 mex · 4 wind

    The example game in this phase · 36 steps
    1. Windfor Front
    2. Construction BotCon botfor Front
    3. Mex
    4. SentrySentryfor Front
    5. Construction BotCon bot
    6. Mex ×2
    7. SentrySentry
    8. Construction BotCon bot
    9. Mex
    10. MaceMace
    11. Mex
    12. LazarusLazarus
    13. Radar TowerRadar Tower
    14. Windfor Front
    15. SentrySentry
    16. RocketeerRocketeer ×2
    17. SentrySentry
    18. Windfor Front
    19. RocketeerRocketeer
    20. OverwatchOverwatch
    21. RocketeerRocketeer
    22. Windfor Front
    23. RocketeerRocketeer ×2
    24. Windfor Front
    25. RocketeerRocketeer ×2
    26. Construction BotCon bot
    27. Windfor Front
    28. Construction BotCon botfor Front
    29. Windfor Front
    30. RocketeerRocketeer ×2
    31. Energy storagefor Front
    32. RocketeerRocketeer
    33. Con turret
    34. RocketeerRocketeerfor Front
    35. RocketeerRocketeer ×3
    36. Con turretfor Front
  3. 3

    5:00 to 10:00

    Economy
    • Metal Extractor1Mex
    • Wind Turbine15Wind
    Builders
    • Construction Turret2 Con turret
    • Lazarus2 Lazarus
    • Construction Bot1 Con bot
    Army
    • Sentry1 Sentry
    • Rocketeer8 Rocketeer

    Some games also: pawn (49%) · Radar Tower (46%) · tick (45%) · centurion (44%) · energy storage (43%) · eat Bot Lab (31%)

    By 10:00 in all: 6 mex · 21 wind · 1 energy storage · 2 con turret

    The example game in this phase · 68 steps
    1. TickTick
    2. RocketeerRocketeer
    3. OverwatchOverwatch
    4. Construction BotCon botfor Front
    5. TickTick
    6. Construction BotCon botfor Front
    7. Windfor Front
    8. RocketeerRocketeer
    9. Con turret
    10. Wind ×5for Front
    11. GauntletGauntletdone 8:15
    12. Wind ×3for Front
    13. RocketeerRocketeerfor Front
    14. Windfor Front
    15. RocketeerRocketeer
    16. Windfor Front
    17. RocketeerRocketeer
    18. MaceMace
    19. CenturionCenturion
    20. Mex
    21. Wind ×4for Front
    22. Con turretfor Front
    23. Windfor Front
    24. Advanced Metal ExtractorT2 mexfor Frontdone 9:13 · typical 9:46
    25. Con turretfor Front
    26. Radar TowerRadar Tower ×2
    27. Advanced Metal ExtractorT2 mexfor Front
    28. RocketeerRocketeer ×2
    29. Con turretfor Front
    30. TickTickfor Front
    31. RocketeerRocketeer
    32. Advanced Metal ExtractorT2 mexfor Front
    33. RocketeerRocketeerfor Front
    34. Con turretfor Front
    35. RocketeerRocketeer
    36. Wind ×2for Front
    37. RocketeerRocketeer
    38. Windfor Front
    39. RocketeerRocketeer
    40. Windfor Front
    41. RocketeerRocketeer
    42. Converterfor Front
    43. Advanced Metal ExtractorT2 mex
    44. RocketeerRocketeer
    45. Converterfor Front
    46. RocketeerRocketeer
    47. Windfor Front
    48. RocketeerRocketeerfor Front
    49. Windfor Front
    50. RocketeerRocketeer
    51. Windfor Front
    52. RocketeerRocketeer
    53. Windfor Front
    54. RocketeerRocketeer
    55. Windfor Front
    56. RocketeerRocketeer
    57. Wind ×2for Front
    58. TickTick ×2
    59. Windfor Front
    60. TickTick
    61. Converterfor Front
    62. TickTick ×3for Front
    63. Converterfor Front
    64. TickTick ×2for Front
    65. TickTick
    66. RattlesnakeRattlesnakefor Frontnot finished by 15:00
    67. TickTickfor Front
    68. Wind ×2for Front

Counts are medians over the build's games: half of them build more, half fewer. The example game is _[BOBO]_'s (33 OS, 17/09/2026); pick another.

Team trades

IN AT LEAST 30% OF ITS GAMES

You hand over

Nothing regular.

You get

  • Tidal Generator4 Tidal from Pondfirst at 0:10 · in 68% of games
  • Advanced Construction Bot1 T2 con bot from Geo or Techfirst at 7:41 · in 57% of games

How it plays out

Typical game of this build, running totals by minute

Metal produced

010k20k
0:005:0010:0015:00

metal

Enemy metal destroyed

05k10k
0:005:0010:0015:00

metal

Own metal lost

05k10k
0:005:0010:0015:00

metal

2383 games.

Show as table
ByMetal produced: This buildEnemy metal destroyed: This buildOwn metal lost: This build
1:0023000
2:0088700
3:002009184130
4:003110645501
5:00418513571000
6:00534921831712
7:00653930512597
8:00776039393502
9:00904647004376
10:001041853145163
11:001189458585965
12:001360664076686
13:001540768797437
14:001729875058212
15:001926981098991
WHAT THE NUMBERS SAY

Standard Suicide front play wins a bit over half its games while taking the heaviest own losses of any role by 15:00.

  • + Produces 20142 metal by 15:00, highest of the front roles.
  • + First kill by 2:01 in all games, fastest contest of middle.
  • − Own metal lost hits 9178 by 15:00, more than enemy metal destroyed.
  • − Only 34% Rocketeer share shows army spread thin across many bot types.
THE EXAMPLE YOU ARE READING

_[BOBO]_

32.8 OS · 17/09/2026

Open source match ↗

5 received units · includes a constructor
129 metal received · 12723 energy received

Allied construction assistance is unknown. Timings are observations, not a promise of solo reproducibility.

Typical milestones

Bot Lab0:21Middle 50%: 0:20–0:33 · n=2375
Advanced Metal Extractor9:46Middle 50%: 8:50–10:58 · n=1723

Played most by

_X_262games of this buildPlatinumBlonde188games of this buildXad166games of this buildTrapCaT107games of this buildImmort80games of this build